 Dungeon Crawl Stone Soup version 0.16.1-18-g436b03c (webtiles) character file.

77 noize the Sneak (level 4, -3/21 HPs)
             Began as a Vine Stalker Enchanter on May 4, 2015.
             Slain by a gnoll
             ... wielding a +0 flail
              (6 damage)
             ... on level 2 of the Dungeon.
             The game lasted 00:02:25 (1214 turns).

noize the Sneak (Vine Stalker Enchanter)            Turns: 1214, Time: 00:02:25

Health: -3/21      AC:  4    Str: 11    XL:     4   Next: 33%
Magic:  0/9        EV: 12    Int: 15    God:
Gold:   108        SH:  0    Dex: 15    Spells: 3 memorised, 2 levels left

rFire  . . .     SeeInvis .     a - +1 dagger
rCold  . . .     Clarity  .     b - +1 robe
rNeg   . . .     SustAb   .     (no shield)
rPois  .         Gourm    .     (no helmet)
rElec  .         Spirit   +     (no cloak)
rCorr  .         Warding  .     (no gloves)
rMut   .         Stasis   .     j - +0 pair of boots
MR     .....                    (no amulet)
Stlth  +++.......               (no ring)
                                (no ring)

@: not resistant to hostile enchantments, fairly stealthy
A: fangs 2, regeneration 1, magic shield, antimagic bite, no device heal 3, rot
immunity
a: no special abilities


You were on level 2 of the Dungeon.
You were hungry.

You visited 1 branch of the dungeon, and saw 2 of its levels.

You collected 108 gold pieces.

Inventory:

Hand weapons
 a - a +1 dagger (weapon)
Armour
 b - a +1 robe (worn)
 j - a +0 pair of boots (worn)
Scrolls
 e - a scroll of teleportation {unknown}
 h - a scroll of random uselessness {unknown}
 k - a scroll of enchant armour {unknown}
 m - 4 scrolls of identify {unknown}
 n - a scroll of enchant weapon {unknown}
Potions
 g - a potion of restore abilities {unknown}
 i - a potion of agility {unknown}
Books
 c - a book of Maledictions

   Spells                             Type                      Level
   a - Corona                         Hexes                        1
   b - Sure Blade                     Hexes/Charms                 2
   c - Ensorcelled Hibernation        Hexes/Ice                    2
   d - Confuse                        Hexes                        3
   e - Dazzling Spray                 Conjuration/Hexes            3
   f - Enslavement                    Hexes                        4
Comestibles
 d - 2 bread rations
 f - a meat ration


   Skills:
 + Level 0.1 Fighting
 + Level 1.4 Short Blades
 + Level 2.1 Dodging
 * Level 4.7 Stealth
 - Level 2.5 Spellcasting
 + Level 3.4 Hexes


You had 2 spell levels left.
You knew the following spells:

 Your Spells              Type           Power        Failure   Level  Hunger
a - Corona                Hex            ##.....      6%          1    #......
b - Ensorcelled Hibernat  Hex/Ice        #.....       17%         2    ###....
c - Confuse               Hex            ##......     17%         3    ###....


Dungeon Overview and Level Annotations

Branches:
Dungeon (2/15)

Altars:


Innate Abilities, Weirdness & Mutations

You have extremely sharp teeth.
Your natural rate of healing is unusually fast.
When hurt, damage is shared between your health and your magic reserves.
Your bite disrupts and absorbs the magic of your enemies.
Potions and wands cannot restore your health.
You are immune to rotting.


Message History

Confirm with . or Enter, or press ? or * to list all spells.
Aiming: Ensorcelled Hibernation
Press: ? - help, Shift-Dir - straight line, f - gnoll, p - gnoll
Aim: a gnoll, wielding a spear (chance 47%)
The gnoll looks drowsy...
You are feeling hungry.
The helpless gnoll fails to defend itself.
You impale the gnoll!!
You kill the gnoll!
You hit the gnoll.
The gnoll is lightly wounded.
The gnoll hits you with a flail!
You barely miss the gnoll.
The gnoll is lightly wounded.
The gnoll hits you with a flail!
* * * LOW HITPOINT WARNING * * *
You hit the gnoll but do no damage.
The gnoll is lightly wounded.
The gnoll hits you with a flail.
You die...

############# ##.....#.....##
##.............#
#...............
#######............... #
#.....#.............). ..#
#.....#............... # ..##
#....@................
#.....##...)g#...>...........
#...#..#.....##..............
#....gg##.######.....#.......
#...#.# ##########.##. # ..
#.....# #...#.
#####...#...### #...#.
...#....#.).# ##.....
##.#....#...# #####......


You could see a gnoll.

Vanquished Creatures
  2 gnolls (D:2)
  An adder (D:2)
  A giant gecko (D:2)
  An ooze (D:2)
  A ball python (D:1)
  10 bats
  A giant cockroach (D:2)
  4 goblins
  8 hobgoblins
  5 kobolds
  2 giant newts
  4 jackals (D:2)
  7 rats
47 creatures vanquished.

Notes
Turn   | Place    | Note
--------------------------------------------------------------
     0 | D:1      | noize, the Vine Stalker Enchanter, began the quest for the Orb.
     0 | D:1      | Reached XP level 1. HP: 9/9 MP: 3/3
    89 | D:1      | Reached skill level 1 in Short Blades
   188 | D:1      | Reached XP level 2. HP: 13/13 MP: 5/5
   321 | D:1      | Reached skill level 4 in Stealth
   537 | D:1      | Reached XP level 3. HP: 16/16 MP: 7/7
   541 | D:1      | Learned a level 2 spell: Ensorcelled Hibernation
   545 | D:1      | Learned a level 3 spell: Confuse
  1158 | D:2      | Reached XP level 4. HP: 18/21 MP: 7/9
  1214 | D:2      | Slain by a gnoll

Action                   |  1- 3 |  4- 6 || total
-------------------------+-------+-------++-------
Melee: Dagger            |   176 |     6 ||   182
 Cast: Ensorcelled Hiber |     1 |     3 ||     4
 Stab: Sleeping          |     8 |     2 ||    10
  Eat: Chunk             |     1 |       ||     1
